 Dungeon Crawl Stone Soup version 0.31-a0-472-g43a2ca8e1b (webtiles) character file.

Game seed: 774758451755213562

179012 Gargoyl the Severer (level 18, -4/119 (122) HPs)
             Began as a Gargoyle Berserker on Aug 6, 2023.
             Was an Elder of Trog.
             Killed from afar by an ironbound frostheart (42 damage)
             ... by creeping frost
             ... on level 2 of the Vaults.
             The game lasted 00:37:22 (26430 turns).

Gargoyl the Severer (Gargoyle Berserker)           Turns: 26430, Time: 00:37:23

HP:   -4/119 (122)  AC: 42    Str: 23    XL:     18   Next: 22%
MP:   18/18         EV: 12    Int: 17    God:    Trog [****..]
Gold: 3276          SH: 16    Dex: 19    Spells: 17/17 levels left

rFire   . . .        O - +7 broad axe (flame)
rCold   . . .        s - +2 buckler
rNeg    + . .        x - +2 chain mail {rPois}
rPois   ∞            (no helmet)
rElec   +            H - +2 cloak
rCorr   .            L - +2 pair of gloves
SInv    .            I - +1 pair of boots
Will    +++..        E - amulet "Lucvayni" {Reflect rPois Str-4 Int+9 Slay+3 SH+5}
Stlth   +            i - +4 ring of protection
HPRegen 1.39/turn    P - +6 ring of strength
MPRegen 0.16/turn

%: reflection
@: marked, strong-willed (expiring), flying, regenerating (expiring), lightly
drained, unable to read
A: sickness immunity, AC +13, big wings, negative energy resistance 1,
electricity resistance, torment resistance 1, petrification resistance,
camouflage 1, agile 1, inability to read after injury 1
a: Renounce Religion, Berserk, Trog's Hand, Brothers in Arms


You were on level 2 of the Vaults.
You worshipped Trog.
Trog was greatly pleased with you.
You visited 4 branches of the dungeon, and saw 24 of its levels.

You collected 4266 gold pieces.
You spent 990 gold pieces at shops.

Inventory:

Hand Weapons
 g - a +6 hand axe of freezing
 p - a +1 war axe
 F - a +4 spear
 O - a +7 broad axe of flaming (weapon)
 Q - a +3 broad axe of draining
Missiles
 w - 35 poisoned darts (quivered)
Armour
 e - a +0 buckler
 s - a +2 buckler (worn)
 x - a +2 chain mail of poison resistance (worn)
 H - a +2 cloak (worn)
 I - a +1 pair of boots (worn)
 L - a +2 pair of gloves (worn)
Jewellery
 i - a +4 ring of protection (left hand)
 j - a ring of resist corrosion
 t - a +4 ring of protection
 E - the amulet "Lucvayni" (around neck) {Reflect rPois Str-4 Int+9 Slay+3 SH+5}
   (You bought it in a shop on level 2 of the Orcish Mines)

   [amulet of reflection]

   It reflects blocked missile attacks.
   Str:       It affects your strength (-4).
   Int:       It affects your intelligence (+9).
   Slay:      It affects your accuracy & damage with ranged weapons and melee
   (+3).
   rPois:     It protects you from poison.
   SH:        It affects your SH (+5).
 G - a ring of protection from cold
 J - a ring of ice
 P - a +6 ring of strength (right hand)
Wands
 d - a wand of quicksilver (3)
 l - a wand of mindburst (2)
 v - a wand of paralysis (14)
 A - a wand of flame (51)
 D - a wand of iceblast (19)
 K - a wand of polymorph (7)
Scrolls
 a - 3 scrolls of revelation
 b - a scroll of enchant armour
 c - 3 scrolls of teleportation
 f - 12 scrolls of identify
 y - a scroll of poison
 M - a scroll of fear
 R - 2 scrolls of vulnerability {unknown}
 S - 3 scrolls of fog
Potions
 h - a potion of heal wounds
 k - 3 potions of enlightenment
 m - 2 potions of invisibility
 n - 3 potions of curing
 o - 2 potions of cancellation
 q - 2 potions of magic
 r - a potion of brilliance {unknown}
 u - 4 potions of lignification
 z - 6 potions of haste
 B - a potion of ambrosia
 C - 7 potions of mutation
 N - 5 potions of might
 T - a potion of berserk rage


   Skills:
 + Level 16.5 Fighting
 + Level 19.1(19.2) Axes
 + Level 2.0(12.7) Polearms
 + Level 1.2 Throwing
 + Level 13.5 Armour
 + Level 6.5 Dodging
 + Level 2.5 Stealth
 + Level 15.8 Shields
 + Level 0.3 Evocations


You had 17 spell levels left.
You didn't know any spells.
Your spell library was empty.

Dungeon Overview and Level Annotations

Branches:
Dungeon (15/15)            Temple (0/1) D:6            Lair (5/5) D:11
  Swamp (0/4) Lair:3        Snake (0/4) Lair:2        Slime (0/5) Lair:5
    Orc (2/2) D:9             Elf (0/3) Orc:2        Vaults (2/5) D:13
  Crypt (0/3) Vaults:2     Depths (0/4) D:15

Altars:
Ashenzari
Cheibriados
Fedhas
Gozag
Hepliaklqana
Okawaru
Uskayaw
Vehumet
The Shining One
Lugonu

Shops:
D:15 =   Orc:2 [*(=   Vaults:1 :

Portals:
Abyss: Lair:5


Innate Abilities, Weirdness & Mutations

You are immune to sickness and miasma.
Your stone body is resilient. (AC +13)
You are immune to poison.
Your large and strong wings let you fly.
You resist negative energy. (rN+)
You are resistant to electric shocks. (rElec)
You are resistant to unholy torment.
You are immune to petrification.
Your skin changes colour to match your surroundings (Stealth+).
You are agile. (Dex +4, Str/Int -1)
You occasionally lose the ability to read scrolls when taking damage.


Message History

You barely miss the deep elf death mage.
A sphinx comes into view.
You block the ghostly ironbound preserver's attack.
The deep elf death mage points at you and mumbles some strange words.
The bolt of negative energy hits you! You partially resist.
You feel drained.
You hit the ghostly ironbound preserver.
You burn the ghostly ironbound preserver.
The ghostly ironbound preserver is lightly damaged.
You hit the deep elf death mage. You burn the deep elf death mage.
You feel the effects of Trog's Hand fading.
The ghostly ironbound preserver misses you.
The deep elf death mage beckons forth a restless soul!
You slice the ghostly ironbound preserver!!
You burn the ghostly ironbound preserver.
The ghostly ironbound preserver is moderately damaged.
You slice the deep elf death mage!! You burn the deep elf death mage!
Unknown command.
You slash the ghostly ironbound preserver!
You burn the ghostly ironbound preserver.
The ghostly ironbound preserver is heavily damaged.
You slash the deep elf death mage! You burn the deep elf death mage.
You block the ghostly ironbound preserver's attack.
The deep elf death mage hits you with a +1 short sword of speed.
Unknown command.
You chop the ghostly ironbound preserver into pieces!!!
You burn the ghostly ironbound preserver!
The ghostly ironbound preserver is almost destroyed.
You slash the deep elf death mage! You burn the deep elf death mage.
The deep elf death mage hits you but does no damage.
The ghostly ironbound preserver hits you with a +1 mace of protection!
You feel threatened and lose the ability to read scrolls!
You cannot read scrolls in your current state!
You can read scrolls again.
The deep elf death mage hits you but does no damage.
The ghostly ironbound preserver mumbles some strange words.
The ghostly ironbound preserver begins to accept its allies' injuries.
The ironbound frostheart calls freezing cold from the walls.
The frost grips you!!!
You feel threatened and lose the ability to read scrolls!
You die...

######.# '..p# e .....#÷#
##.Y.## .# ####)#.#
####Y....#'##
...#)#.#########...........#
.>.#)#)#.......#..Y..#.....#
.....#)#.......#.p*.)......#
######)#.......##C#.....####
....:..#.......#ep##...##
######.'.......'@..#...'..
.......#.......#...#...#...
####'#########'###'###'#''#
#...# .... .# .. >.. ##...#
.......# ... .. #....##
........# ##.....#
#........# #......#
#........# #......#


You could see 3 dire elephants, a ghostly ironbound preserver, a stone giant
(sheltered), a deep elf death mage (sheltered), an ironbound frostheart
(sheltered) and a lost soul (summoned, sheltered).

Vanquished Creatures
  Jorgrun (D:12)
  A titan (Vaults:1)
  Frances (D:12)
  A tengu reaver (Vaults:1)
  5 vault wardens
  The ghost of Domiom the Wallflower, a journeyman DsAr of Uskayaw (D:14)
  A cacodemon (D:14)
  An orc warlord (Orc:2)
  A war gargoyle (Vaults:1)
  8 ironbound preservers
  4 ironbound thunderhulks
  12 dire elephants
  2 crystal guardians (Vaults:2)
  An ettin (D:15)
  2 yaktaur captains
  Fannar (D:12)
  3 vault guards
  4 hydras
  A peacekeeper (Vaults:2)
  Erolcha (D:13)
  11 centaur warriors
  2 boulder beetles
  3 ironbound frosthearts
  3 two-headed ogres
  2 death knights
  4 death yaks
  2 tengu warriors
  4 thrashing horrors (Lair:5)
  4 orc high priests (Orc:2)
  2 skysharks
  A hell knight (D:15)
  A deep elf knight (D:12)
  11 skeletal warriors
  2 glowing orange brains (D:14)
  A swamp dragon (shapeshifter) (D:12)
  A bog body (Lair:3)
  17 deep trolls
  4 harpies (Vaults:1)
  3 necromancers
  8 ironbound convokers
  8 lindwurms
  2 deep elf pyromancers
  4 orc sorcerers
  9 orc knights
  A salamander (shapeshifter) (D:14)
  2 salamanders (Lair:2)
  30 ugly things
  6 cyclopes
  2 manticores
  A human zombie (Vaults:1)
  Maurice (D:11)
  A stone giant zombie (Vaults:1)
  6 black mambas
  A gargoyle (D:12)
  11 vault sentinels
  8 cane toads
  2 large abominations (Lair:5)
  3 smoke demons (Lair:5)
  3 rime drakes
  3 kobold demonologists
  4 freezing wraiths
  5 yaktaurs
  3 tengu conjurers
  The ghost of hackon the Firebug, an amateur OgFE (D:3)
  9 komodo dragons
  A troll (shapeshifter) (Lair:5)
  4 polar bears
  3 yaktaur skeletons
  5 trolls
  A hornet (shapeshifter) (Lair:5)
  A hornet (D:10)
  The ghost of Ethylacetat the Changeling, an amateur OpSh (D:3)
  36 blink frogs
  A raiju (Lair:5)
  The ghost of gyole the Sneak, an amateur KoDe of Wu Jian (D:3)
  17 slime creatures
  2 shadows
  An elf zombie (Vaults:1)
  2 wraiths
  A culicivora (shapeshifter) (Lair:5)
  An ettin skeleton (Vaults:2)
  A vampire (D:10)
  A ynoxinul (Lair:5)
  2 centaur simulacra (D:15)
  A spriggan (Lair:5)
  4 wyverns
  A yak (shapeshifter) (D:14)
  4 humans (D:13)
  51 yaks
  7 basilisks
  A steam dragon (shapeshifter) (D:14)
  2 elf skeletons (Vaults:2)
  2 steam dragons (D:7)
  A chaos spawn (Lair:5)
  3 neqoxecs (D:14)
  7 vampire mosquitoes
  The ghost of blacky4 the Magician, an amateur DjFE of Makhleb (D:3)
  4 wargs (Orc:2)
  3 acid dragons
  A naga (shapeshifter) (D:14)
  10 water moccasins
  A glowing shapeshifter skeleton (Vaults:2)
  Duvessa (D:5)
  A swamp drake (shapeshifter) (D:14)
  33 orc warriors
  A sky beast (D:8)
  6 black bears
  2 ice beasts
  5 ogres
  6 human skeletons
  13 wolves
  18 centaurs
  2 phantoms
  17 bullfrogs
  9 small abominations (Lair:5)
  2 gnoll sergeants (D:10)
  2 scorpions
  7 wights
  Dowan (D:5)
  15 killer bees
  8 howler monkeys
  An electric eel (D:8)
  2 lava snakes (Lair:2)
  A wyvern simulacrum (D:8)
  A hound (D:5)
  3 jellies
  20 orc priests
  3 sleepcaps
  A gnoll bouda (D:7)
  6 iguanas
  22 orc wizards
  Natasha (thrice) (D:3)
  12 gnolls
  10 adders
  2 shadow imps
  5 white imps
  3 ufetubi
  2 worms (D:4)
  4 dart slugs
  84 orcs
  6 ball pythons
  4 bats
  8 endoplasms
  A giant cockroach (D:1)
  10 goblins
  2 hobgoblins
  9 kobolds
  2 quokkas
  5 frilled lizards
  2 rats
833 creatures vanquished.

Vanquished Creatures (collateral kills)
  Rupert (D:15)
  A tentacled monstrosity (D:14)
  A frost giant (D:11)
  A vault warden (Vaults:1)
  An orc warlord (Vaults:2)
  2 dire elephants (Vaults:1)
  A vault guard (Vaults:1)
  A deep troll (Vaults:1)
  An ironbound convoker (Vaults:1)
  A wolf spider (shapeshifter) (D:11)
  3 ugly things
  An orc sorcerer (Orc:2)
  A komodo dragon (shapeshifter) (D:14)
  A yaktaur (Vaults:1)
  A blink frog (shapeshifter) (D:14)
  A slime creature (Vaults:1)
  A water elemental (D:15)
  An ice beast (D:15)
  5 orc warriors (Orc:2)
  A boggart (D:11)
  A howler monkey (D:11)
  2 orc priests
  A white imp (D:15)
  An orc (Orc:2)
32 creatures vanquished.

Vanquished Creatures (others)
  An orc wizard (Orc:2)
  A howler monkey simulacrum (D:8)
  An orc (Orc:2)
3 creatures vanquished.

Grand Total: 868 creatures vanquished

Notes
Turn   | Place    | Note
-------+----------+-------------------------------------------
     0 | D:1      | Gargoyl the Gargoyle Berserker began the quest for the Orb.
     0 | D:1      | Reached XP level 1. HP: 14/14 MP: 1/1
   105 | D:1      | Reached XP level 2. HP: 19/19 MP: 2/2
   236 | D:1      | Reached skill level 3 in Axes
   545 | D:1      | Found a faded altar of an unknown god.
   745 | D:2      | Reached XP level 3. HP: 24/24 MP: 3/3
  1433 | D:2      | Reached XP level 4. HP: 27/29 MP: 4/4
  1510 | D:3      | Reached ** piety under Trog
  1734 | D:3      | Reached skill level 4 in Axes
  1770 | D:3      | Gained mutation: Your body sometimes deteriorates upon
                  | taking damage. [potion of mutation]
  1770 | D:3      | Gained mutation: You expend magic power (3 MP) to
                  | strengthen your wands. [potion of mutation]
  1775 | D:3      | Reached XP level 5. HP: 11/33 MP: 5/5
  1903 | D:3      | Reached skill level 1 in Shields
  1987 | D:3      | Noticed Natasha
  2000 | D:3      | Killed Natasha
  2089 | D:3      | Found a broken altar of Ashenzari.
  2234 | D:3      | Found a runed translucent gate.
  2235 | D:3      | Found a runed translucent gate.
  2235 | D:3      | Found a runed translucent gate.
  2237 | D:3      | Noticed hackon's ghost (amateur OgFE)
  2237 | D:3      | Noticed blacky4's ghost (amateur DjFE)
  2238 | D:3      | Noticed gyole's ghost (amateur KoDe)
  2238 | D:3      | Noticed Ethylacetat's ghost (amateur OpSh)
  2342 | D:3      | Noticed Natasha
  2356 | D:3      | Killed Natasha
  2405 | D:3      | Noticed Natasha
  2416 | D:3      | Killed Natasha
  2417 | D:3      | Reached XP level 6. HP: 38/38 MP: 6/6
  2547 | D:4      | Reached skill level 5 in Axes
  2871 | D:4      | Found a hazy altar of Hepliaklqana.
  2877 | D:4      | Noticed a black bear
  2883 | D:4      | Killed a black bear
  2884 | D:4      | Reached XP level 7. HP: 44/44 MP: 7/7
  2935 | D:4      | Found a snail-covered altar of Cheibriados.
  3276 | D:5      | Entered Level 5 of the Dungeon
  3396 | D:5      | Noticed Dowan
  3398 | D:5      | Noticed Duvessa
  3408 | D:5      | Killed Duvessa
  3409 | D:5      | Reached skill level 6 in Axes
  3410 | D:5      | Killed Dowan
  3573 | D:5      | Reached XP level 8. HP: 48/48 MP: 8/8
  3661 | D:5      | Found a radiant altar of Vehumet.
  3696 | D:5      | Reached skill level 5 in Fighting
  4117 | D:5      | Lost mutation: You expend magic power (3 MP) to strengthen
                  | your wands. [potion of mutation]
  4117 | D:5      | Lost mutation: Your body sometimes deteriorates upon taking
                  | damage. [potion of mutation]
  4117 | D:5      | Gained mutation: You are dopey. (Int -2) [potion of
                  | mutation]
  4117 | D:5      | Gained mutation: You occasionally shout uncontrollably at
                  | your foes. [potion of mutation]
  4262 | D:6      | Reached skill level 7 in Axes
  4292 | D:6      | Reached *** piety under Trog
  4532 | D:6      | Reached skill level 5 in Armour
  4616 | D:6      | Reached XP level 9. HP: 34/54 MP: 9/9
  4893 | D:6      | Found a staircase to the Ecumenical Temple.
  5239 | D:7      | Reached skill level 8 in Axes
  5279 | D:7      | Found a hide-covered altar of Uskayaw.
  5283 | D:7      | Found a blossoming altar of Fedhas.
  5287 | D:7      | Found a glowing golden altar of the Shining One.
  5291 | D:7      | Found an iron altar of Okawaru.
  5369 | D:7      | Reached skill level 5 in Shields
  5473 | D:7      | Reached skill level 9 in Axes
  6083 | D:8      | Reached XP level 10. HP: 60/60 MP: 10/10
  6143 | D:8      | Reached **** piety under Trog
  6143 | D:8      | Noticed a death yak
  6166 | D:8      | Killed a death yak
  6167 | D:8      | Reached skill level 10 in Axes
  6602 | D:8      | Identified a scroll of acquirement
  6602 | D:8      | Acquired 999 gold pieces
  7242 | D:9      | Noticed a two-headed ogre
  7253 | D:9      | Killed a two-headed ogre
  7255 | D:9      | Noticed a kobold demonologist
  7266 | D:9      | Killed a kobold demonologist
  7370 | D:9      | Lost mutation: You are dopey. (Int -2) [potion of mutation]
  7370 | D:9      | Lost mutation: You occasionally shout uncontrollably at
                  | your foes. [potion of mutation]
  7370 | D:9      | Gained mutation: You do not regenerate when monsters are
                  | visible. [potion of mutation]
  7370 | D:9      | Gained mutation: You are frail. (-10% HP) [potion of
                  | mutation]
  7370 | D:9      | Gained mutation: You have hidden genetic potential. [potion
                  | of mutation]
  7371 | D:9      | Lost mutation: You are frail. (-10% HP) [potion of
                  | mutation]
  7371 | D:9      | Lost mutation: You do not regenerate when monsters are
                  | visible. [potion of mutation]
  7371 | D:9      | Lost mutation: You have hidden genetic potential. [potion
                  | of mutation]
  7371 | D:9      | Gained mutation: You are vulnerable to cold. (rC-) [potion
                  | of mutation]
  7371 | D:9      | Gained mutation: Your spells are a little harder to cast,
                  | but a little more powerful. [potion of mutation]
  7371 | D:9      | Gained mutation: Your skin changes colour to match your
                  | surroundings (Stealth+). [potion of mutation]
  7371 | D:9      | Gained mutation: You are partially covered in iridescent
                  | scales. (AC +2) [potion of mutation]
  7499 | D:9      | Reached XP level 11. HP: 50/67 MP: 11/11
  7607 | D:9      | Noticed a two-headed ogre
  7622 | D:9      | Killed a two-headed ogre
  7623 | D:9      | Reached skill level 11 in Axes
  7990 | D:9      | Found a staircase to the Orcish Mines.
  8033 | D:9      | Found an opulent altar of Gozag.
  8216 | D:9      | Reached skill level 1 in Throwing
  8426 | D:10     | Entered Level 10 of the Dungeon
  8440 | D:10     | Noticed a sixfirhy
  9126 | D:11     | Reached ***** piety under Trog
  9139 | D:11     | Noticed a cyclops
  9150 | D:11     | Killed a cyclops
  9211 | D:11     | Noticed a tengu warrior
  9227 | D:11     | Killed a tengu warrior
  9530 | D:11     | Found a staircase to the Lair.
  9594 | D:11     | Noticed Maurice
  9628 | D:11     | Killed Maurice
  9705 | D:11     | Reached skill level 12 in Axes
  9787 | D:11     | Reached XP level 12. HP: 75/75 MP: 12/12
 10158 | D:11     | Noticed a skyshark
 10158 | D:11     | Noticed a frost giant
 10159 | D:11     | a skyshark changed into a deep troll
 10164 | D:11     | a water nymph changed into an anaconda
 10164 | D:11     | Noticed an anaconda (glowing shapeshifter)
 10172 | D:11     | an anaconda changed into a swamp worm
 10180 | D:11     | Killed a frost giant
 10188 | D:11     | Reached skill level 1 in Stealth
 10306 | Lair:1   | Entered Level 1 of the Lair of Beasts
 10352 | Lair:1   | Lost mutation: You are vulnerable to cold. (rC-) [potion of
                  | mutation]
 10352 | Lair:1   | Lost mutation: Your spells are a little harder to cast, but
                  | a little more powerful. [potion of mutation]
 10352 | Lair:1   | Lost mutation: You are partially covered in iridescent
                  | scales. (AC +2) [potion of mutation]
 10352 | Lair:1   | Gained mutation: You are agile. (Dex +4, Str/Int -1)
                  | [potion of mutation]
 11067 | Lair:2   | Reached skill level 13 in Axes
 11341 | Lair:2   | Reached skill level 10 in Shields
 11682 | Lair:2   | Found a staircase to the Snake Pit.
 12116 | Lair:3   | Noticed a skyshark
 12131 | Lair:3   | Reached XP level 13. HP: 55/80 MP: 13/13
 12160 | Lair:3   | Reached skill level 10 in Armour
 12282 | Lair:3   | Reached skill level 1 in Polearms
 13074 | Lair:3   | Reached skill level 10 in Fighting
 13198 | Lair:3   | Found a staircase to the Swamp.
 14540 | Lair:5   | Entered Level 5 of the Lair of Beasts
 14569 | Lair:5   | Reached skill level 14 in Axes
 14736 | Lair:5   | Reached skill level 5 in Dodging
 14872 | Lair:5   | Found a staircase to the Slime Pits.
 15181 | Lair:5   | Received a gift from Trog
 15308 | Lair:5   | Gained mutation: Your large and strong wings let you fly.
                  | [Gargoyle growth]
 15308 | Lair:5   | Reached XP level 14. HP: 82/88 MP: 14/14
 16282 | Lair:5   | Found a corrupted altar of Lugonu.
 16282 | Lair:5   | Found a one-way gate to the infinite horrors of the Abyss.
 16617 | D:12     | Noticed Frances
 16624 | D:12     | Reached skill level 15 in Axes
 16637 | D:12     | Killed Frances
 16739 | D:12     | Identified the +7 falchion "Ukkos" {drain, Will+}
 16985 | D:12     | Noticed Fannar
 17000 | D:12     | Killed Fannar
 17629 | D:12     | Noticed Jorgrun
 17677 | D:12     | Killed Jorgrun
 17678 | D:12     | Reached XP level 15. HP: 96/96 MP: 15/15
 17820 | D:13     | Noticed Erolcha
 17840 | D:13     | Killed Erolcha
 17908 | D:13     | Reached skill level 16 in Axes
 17980 | D:13     | Found a gate to the Vaults.
 18329 | D:14     | You are sucked into a shaft and drop 1 floor!
 18329 | D:15     | Entered Level 15 of the Dungeon
 18363 | D:15     | Identified the +1 robe of Zin's Esteem {rF++ Str-5}
 19153 | D:14     | Found a runed translucent gate.
 19153 | D:14     | Found a runed translucent gate.
 19153 | D:14     | Found a runed translucent gate.
 19758 | D:3      | Killed gyole's ghost
 19758 | D:3      | Killed Ethylacetat's ghost
 19759 | D:3      | Killed hackon's ghost
 19759 | D:3      | Killed blacky4's ghost
 20031 | D:14     | Found a runed translucent gate.
 20031 | D:14     | Found a runed translucent gate.
 20035 | D:14     | Noticed a tentacled monstrosity
 20040 | D:14     | Found a runed translucent gate.
 20043 | D:14     | Noticed Domiom's ghost (journeyman DsAr)
 20077 | D:14     | Killed a tentacled monstrosity
 20087 | D:14     | Killed Domiom's ghost
 20262 | D:14     | Gained mutation: You occasionally lose the ability to read
                  | scrolls when taking damage. [mutagenic glow]
 20382 | D:15     | Reached skill level 17 in Axes
 20395 | D:15     | Reached XP level 16. HP: 89/104 MP: 16/16
 21134 | D:15     | Found Umpeuf's Jewellery Emporium.
 21289 | D:15     | Noticed Rupert
 21290 | D:15     | Paralysed by Rupert for 5 turns
 21301 | D:15     | Killed Rupert
 21453 | D:15     | Found a staircase to the Depths.
 21793 | Orc:1    | Entered Level 1 of the Orcish Mines
 21817 | Orc:1    | Received a gift from Trog
 21881 | Orc:1    | Paralysed by an orc sorcerer for 3 turns
 22078 | Orc:2    | Entered Level 2 of the Orcish Mines
 22304 | Orc:1    | Acquired 571 gold pieces
 22919 | Orc:2    | Found a staircase to the Elven Halls.
 22994 | Orc:2    | Identified the +10 hand axe "Umaesaer" {flame, Drain
                  | Fragile rF+++ Str+5} (Trog gifted it to you on level 2 of
                  | the Orcish Mines)
 22994 | Orc:2    | Received a gift from Trog
 23154 | Orc:2    | Found Fattopni's General Store.
 23155 | Orc:2    | Found Afutia's Jewellery Emporium.
 23157 | Orc:2    | Found Nug Qec's Antique Armour Shoppe.
 23157 | Orc:2    | Found Caurovvu's Antique Weapon Shoppe.
 23172 | Orc:2    | Bought a potion of mutation for 80 gold pieces
 23172 | Orc:2    | Bought a scroll of enchant armour for 75 gold pieces
 23174 | Orc:2    | Bought the amulet "Lucvayni" {Reflect rPois Str-4 Int+9
                  | Slay+3 SH+5} for 835 gold pieces
 23445 | Vaults:1 | Entered Level 1 of the Vaults
 23596 | Vaults:1 | Reached skill level 18 in Axes
 24316 | Vaults:1 | Reached XP level 17. HP: 112/112 MP: 17/17
 24392 | Vaults:1 | Reached skill level 15 in Fighting
 24647 | Vaults:1 | Noticed a titan
 24655 | Vaults:1 | Killed a titan
 24896 | Vaults:1 | Found Waig's Book Emporium.
 25002 | Vaults:1 | Reached skill level 15 in Shields
 25994 | Vaults:2 | Reached skill level 19 in Axes
 26001 | Vaults:2 | Reached XP level 18. HP: 87/120 MP: 18/18
 26313 | Vaults:2 | Found a staircase to the Crypt.
 26430 | Vaults:2 | Killed from afar by an ironbound frostheart

Illustrated notes

Levels and vault maps discovered:
D:1:      beargit_arrival_greenhouse, layout_basic,
          dilly_ecumenical_altar_fadedgnrine
D:2:      layout_basic
D:3:      layout_loops_ring, mainiacjoe_overflow_surrounded_room,
          gammafunk_ghost_cemetery, serial_bayou_pond_d, uniq_natasha
D:4:      layout_loops_ring, nzn_hepliaklqana_mist_gate, slow_altar_1,
          minmay_tree_intersection, hex_large, kennysheep_dice
D:5:      layout_gridville, mainiacjoe_overflow_24_doors, uniq_duvessa
D:6:      layout_loops_corners, lemuel_temple_firewalk_a
D:7:      layout_basic, nicolae_overflow_macrodata_refinement,
          roderic_roman_lattice, minmay_hedge_maze, minmay_fractal_squares_5
D:8:      layout_loops_ring, serial_ice, serial_ice_l, serial_ice_e,
          serial_ice_h, serial_ice_o, serial_ice_b, serial_ice_f,
          minmay_gold_behind_fungi, grunt_ministairs_5, hangedman_decor_points,
          minmay_fractal_squares_gapless_5
D:9:      layout_irregular_city, kennysheep_mini_moat, david_orc_4
D:10:     layout_long_grid, hex_tiny, nzn_life_drinkers
D:11:     layout_long_grid, grunt_lair_entry_orc_guard_hut, wad_scary_box,
          uniq_maurice
D:12:     cheibrodos_elevator_heist, layout_basic, uniq_fannar, uniq_frances,
          uniq_jorgrun
D:13:     layout_rooms, hellmonk_vaults_keyhole, uniq_erolcha
D:14:     layout_basic, ploomutoo_gammafunk_ghost_potion_laboratory
D:15:     hangedman_depths_entry_civil_slaughter, layout_long_grid,
          serial_park_square2, serial_ice, serial_ice_d, serial_ice_g,
          serial_ice_n, serial_ice_k, serial_ice_a, serial_ice_c, serial_ice_m,
          portal_ice_cave_entry_ugly_swarm, serial_shops, shop_fountains,
          uniq_rupert
Lair:1:   layout_gridlike, lemuel_fruit_tree
Lair:2:   layout_concentric_octagons, nicolae_snake_entry_warm_welcome,
          nicolae_lair_lindhole, grunt_megastairs_5, serial_bayou_shore_b
Lair:3:   layout_gridlike, skrybe_swamp_entry_bodies, enter_volcano_4,
          grunt_megastairs_2
Lair:4:   layout_cave_pods
Lair:5:   hellmonk_lair_end_abyssal_woods, layout_long_grid, slime_entry_1,
          chequers_serial_rivers_room_b
Orc:1:    layout_diamond_mine
Orc:2:    st_orc_congregation, layout_caves
Vaults:1: nicolae_vaults_shock_wave, nicolae_vaults_border_crossing,
          vaults_room_grunt_arrival_ludios, nicolae_vaults_closet_pinwheel_1,
          nicolae_vaults_cornered_office, nicolae_vaults_alarming,
          nicolae_vaults_trapezoid_1, nicolae_vaults_double_plus_3, v_rooms_1,
          nicolae_vaults_octothorpe, vaults_dpeg_hooks,
          nicolae_vaults_little_squares_6, hangedman_vaults_corner_blocks,
          nicolae_vaults_trapezoid_layered, layout_vaults_maze_bifur,
          serial_shops, nicolae_shop_behind_doors
Vaults:2: nicolae_vaults_storage_closets_1, v_misc_26,
          nicolae_vaults_stairing_the_circle, nicolae_vaults_tetromino_L_1,
          nicolae_vaults_network_periphery, nicolae_vaults_wine_cellar,
          nicolae_vaults_mini_display_case, st_more_cells,
          vaults_room_stairs_pillars, minmay_crypt_entry_skeletal_spiral,
          nicolae_vaults_trapezoid_lopsided_3, vaults_room_pools,
          ontoclasm_vaults_idyll, nicolae_vaults_apartment_2,
          layout_vaults_omnibox

Skill      XL: |  1  2  3  4  5  6  7  8  9 10 11 12 13 14 15 16 17 |
---------------+----------------------------------------------------+-----
Axes           | 3 4 5 6 7 9 10 12 13 14 15 17 18 19 | 19.1
Fighting       | 4 5 7 8 9 10 11 13 14 16 | 16.5
Shields        | 1 2 4 6 7 8 10 11 12 13 14 15 | 15.8
Dodging        | 2 3 4 5 6 |  6.5
Armour         | 3 4 5 6 7 8 9 11 12 13 | 13.5
Throwing       | 1 |  1.2
Stealth        | 1 2 |  2.5
Polearms       | 2 |  2.0
Evocations     | |  0.3

Action                     |  1- 3 |  4- 6 |  7- 9 | 10-12 | 13-15 | 16-18 || total
---------------------------+-------+-------+-------+-------+-------+-------++-------
  Melee: Hand axe          |   107 |   217 |   112 |   658 |   413 |       ||  1507
         War axe           |       |     7 |   215 |       |       |       ||   222
         Spear             |       |       |       |       |    21 |       ||    21
         Broad axe         |       |       |       |       |   553 |   763 ||  1316
         Punch             |       |       |       |       |     1 |       ||     1
  Throw: Dart              |       |       |       |     4 |     3 |       ||     7
 Invoke: Berserk           |     1 |     5 |     6 |     9 |    11 |    16 ||    48
         Trog's Hand       |       |     2 |       |     5 |    10 |    19 ||    36
         Brothers in Arms  |       |       |       |     3 |     3 |    10 ||    16
  Evoke: Wand              |       |       |       |       |     3 |       ||     3
    Use: Scroll            |     3 |     6 |     5 |    11 |    10 |     5 ||    40
         Potion            |       |     1 |     1 |     3 |     4 |     9 ||    18
   Stab: Distracted        |       |       |       |       |     1 |     2 ||     3
 Armour: Animal skin       |     7 |       |       |       |       |       ||     7
         Chain mail        |    45 |   100 |   199 |   392 |   536 |   338 ||  1610
  Dodge: Dodged            |    45 |    82 |   114 |   244 |   356 |   208 ||  1049
  Block: Other             |     4 |       |       |       |     2 |       ||     6
         Buckler           |    25 |    91 |   174 |   373 |   559 |   500 ||  1722
         Reflection        |       |     2 |     7 |    10 |    19 |    15 ||    53

Table legend: (Time is in decaauts)
 A = Elapsed time spent in this place.
 B = Non-inter-level travel time spent in this place.
 C = Inter-level travel time spent in this place.
 D = Time resting spent in this place.
 E = Time spent auto-exploring this place.
 F = Levels seen in this place.
 G = Mean time per level.
                   A        B        C        D        E       F      G
               +--------+--------+--------+--------+--------+-----+--------+
         Total |  26275 |  24619 |   1656 |   2017 |  16439 |  24 | 1094.8 |
       Dungeon |  15829 |  14542 |   1287 |    922 |   9940 |  15 | 1055.3 |
          Lair |   6060 |   5783 |    277 |     69 |   4339 |   5 | 1212.0 |
  Orcish Mines |   1481 |   1431 |     50 |    159 |    850 |   2 |  740.5 |
        Vaults |   2903 |   2862 |     41 |    867 |   1309 |   2 | 1451.5 |
               +--------+--------+--------+--------+--------+-----+--------+

Top non-repeatable levels by time:
  Lair:5: 1846 daAuts
Vaults:1: 1809 daAuts
    D:15: 1570 daAuts
  Lair:3: 1514 daAuts
     D:9: 1394 daAuts
    D:14: 1383 daAuts
     D:8: 1312 daAuts
    D:11: 1280 daAuts
     D:3: 1204 daAuts
     D:6: 1154 daAuts
Vaults:2: 1093 daAuts
  Lair:2: 1034 daAuts
  Lair:4: 967 daAuts
     D:5: 939 daAuts
   Orc:2: 936 daAuts
